 Dungeon Crawl Stone Soup version 0.31-a0-986-g5e6e4ef867 (webtiles) character file.

Game seed: 15680773727029919426

109 timneilson the Ruffian (level 4, 0/29 HPs)
             Began as an Octopode Shapeshifter on Nov 12, 2023.
             Slain by an ufetubus (4 damage)
             ... on level 4 of the Dungeon.
             The game lasted 00:03:39 (1971 turns).

timneilson the Ruffian (Octopode Shapeshifter)      Turns: 1971, Time: 00:03:40

Health: 0/29       AC:  1    Str: 15    XL:     4   Next: 90%
Magic:  5/5        EV: 13    Int: 12    God:
Gold:   139        SH:  0    Dex: 11    Spells: 5/5 levels left

rFire   . .          .
                       - Unarmed
rCold   . . .        (no shield)
rNeg    . . .        (helmet currently unavailable)
rPois   .            g - amulet of regeneration
rElec   .            (no ring)
rCorr   .            (no ring)
SInv    .            (no ring)
Will    .....        (no ring)
Stlth   +++          (no ring)
HPRegen 1.04/turn    (no ring)
MPRegen 0.09/turn    (no ring)
                     (no ring)

%: no passive effects
@: beast-form
A: beast (slay +1), almost no armour, amphibious, 8 rings, camouflage 1,
gelatinous body 1, (nimble swimmer 1), tentacles
a: Begin Untransformation


You were on level 4 of the Dungeon.
You were a hulking beast.
You visited 1 branch of the dungeon, and saw 4 of its levels.

You collected 139 gold pieces.

Inventory:

Jewellery
 g - an amulet of regeneration (around mantle)
Talismans
 b - a beast talisman
 c - a flux talisman
Scrolls
 h - a scroll of fear
Potions
 a - 2 potions of lignification
 d - 2 potions of haste {unknown}
 f - 2 potions of might {unknown}
 i - a potion of cancellation {unknown}
 k - a potion of heal wounds {unknown}
 l - a potion of brilliance {unknown}


   Skills:
 * Level 2.0 Fighting
 * Level 2.8 Dodging
 + Level 1.7 Stealth
 * Level 3.5 Unarmed Combat
 + Level 1.0 Spellcasting
 * Level 3.4 Shapeshifting


You had 5 spell levels left.
You didn't know any spells.
Your spell library contained the following spells:

 Spells                   Type           Power      Damage    Failure   Level
 Shock                    Conj/Air       0%         1d3       30%         1
 Summon Small Mammal      Summ           0%         N/A       30%         1
 Call Canine Familiar     Summ           0%         N/A       65%         3
 Sigil of Binding         Hex            0%         N/A       65%         3
 Summon Guardian Golem    Hex/Summ       0%         N/A       65%         3
 Swiftness                Air            0%         N/A       65%         3
 Airstrike                Air            0%         2d(0-16)  96%         4
 Dimensional Bullseye     Hex/Tloc       0%         N/A       96%         4
 Leda's Liquefaction      Hex/Erth       0%         N/A       96%         4


Dungeon Overview and Level Annotations

Branches:
Dungeon (4/15)
 Temple: D:4-7

Altars:
Ashenzari
Hepliaklqana
Qazlal

Shops:
D:2 *

Annotations:
D:4 2 transporters, GoblinPMC's ghost, amateur MiBe


Innate Abilities, Weirdness & Mutations

You are a hulking beast.
Your limbs bulge with bestial killing power. (Slay +1)
You cannot wear most types of armour.
You are amphibious.
You can wear up to eight rings at the same time.
Your skin changes colour to match your surroundings (Stealth+).
Your rubbery body absorbs attacks. (AC +1, EV +1)
((You are camouflaged when in or above water. (Stealth+)))
You have tentacles for arms and can constrict up to eight enemies at once.


Message History

Unknown command.
You tentacle-slap the ufetubus.
You kill the ufetubus!
The ufetubus closely misses you. The ufetubus barely misses you.
The shadow imp misses you. The ufetubus closely misses you.
The ufetubus hits you.
* * * LOW HITPOINT WARNING * * *
Unknown command.
You feel better. The shadow imp misses you. The ufetubus hits you. x2
* * * LOW HITPOINT WARNING * * *
You tentacle-slap the shadow imp. You grab the shadow imp.
The shadow imp is moderately wounded.
You constrict the shadow imp. The ufetubus closely misses you. x2
The shadow imp barely misses you. The ufetubus barely misses you.
The ufetubus completely misses you.
You tentacle-slap the shadow imp.
The shadow imp is severely wounded.
You constrict the shadow imp. The shadow imp hits you.
* * * LOW HITPOINT WARNING * * *
The ufetubus barely misses you.
The ufetubus hits you but does no damage.
You feel better.
You constrict the shadow imp.
You kill the shadow imp!
The ufetubus barely misses you. The ufetubus hits you.
An iguana comes into view.
The ufetubus hits you.
* * * LOW HITPOINT WARNING * * *
The ufetubus hits you.
* * * LOW HITPOINT WARNING * * *
Your Spellcasting skill increases to level 1!
You feel better. The ufetubus barely misses you. The ufetubus hits you.
* * * LOW HITPOINT WARNING * * *
You barely miss the ufetubus. Your grab misses the ufetubus.
The ufetubus slips past you! The ufetubus barely misses you.
The ufetubus misses you.
You closely miss the ufetubus. You grab the ufetubus. You squeeze the ufetubus.
The ufetubus is severely wounded.
You constrict the ufetubus. The ufetubus barely misses you. x2
The ufetubus hits you.
You die...

...#..
#####..#.#
....#..#.#
....#..#.# #.
#...<#
#8#..#..###
.....#..###
....Z#©...##
.....#..#h.#
#8#..#..#P5P...#
# #..#..#.?~.~.#
... #..#.~~~≈.#
....©#...~~~~l.#
######....~..~.#
...#.♣♣...# .##
##..


You could see an iguana, an ufetubus and a howler monkey zombie.

Vanquished Creatures
  4 adders
  A shadow imp (D:4)
  3 ufetubi (D:4)
  2 worms
  An orc (D:3)
  An endoplasm (D:1)
  3 giant cockroaches
  4 goblins (D:2)
  7 hobgoblins
  5 ball pythons
  2 bats
  6 frilled lizards
  6 kobolds
  4 rats
49 creatures vanquished.

Notes
Turn   | Place    | Note
-------+----------+-------------------------------------------
     0 | D:1      | timneilson the Octopode Shapeshifter began the quest for
                  | the Orb.
     0 | D:1      | Reached XP level 1. HP: 13/13 MP: 1/1
   203 | D:1      | Reached XP level 2. HP: 15/18 MP: 2/2
   611 | D:2      | Found a broken altar of Ashenzari.
   831 | D:2      | Found Rafevan's Assorted Antiques.
   926 | D:2      | Reached skill level 1 in Stealth
   926 | D:2      | Reached XP level 3. HP: 21/23 MP: 3/3
  1356 | D:3      | Reached XP level 4. HP: 18/29 MP: 5/5
  1605 | D:3      | Identified the +5 scale mail "Ceukhlokh" {Fly rF++ rCorr
                  | Dex-4}
  1661 | D:3      | Found a hazy altar of Hepliaklqana.
  1662 | D:3      | Found a stormy altar of Qazlal.
  1950 | D:4      | Noticed GoblinPMC's ghost (amateur MiBe)
  1951 | D:4      | Found a transporter.
  1954 | D:4      | Found a transporter.
  1967 | D:4      | HP: 1/29 [shadow imp (6)]
  1969 | D:4      | Reached skill level 1 in Spellcasting
  1971 | D:4      | Slain by an ufetubus

Illustrated notes

Levels and vault maps discovered:
D:1:      dpeg_arrival_rooms_a, layout_rooms, chequers_serial_rivers_small_b
D:2:      layout_basic, serial_shops, shop, basic_altar
D:3:      layout_basic, nicolae_overflow_two_pavilions
D:4:      layout_rooms, gammafunk_ghost_mausoleum, serial_demonic,
          serial_demonic_d, serial_demonic_f, serial_demonic_c,
          serial_demonic_e, serial_demonic_g, serial_demonic_c, uniq_grinder

Skill      XL: |  1  2  3  4 |
---------------+-------------+-----
Stealth        | 1 |  1.7
Fighting       | 2 |  2.0
Spellcasting   | 1 |  1.0
Dodging        | |  2.8
Unarmed Combat | |  3.5
Shapeshifting  | |  3.4

Action                     |  1- 3 |  4- 6 || total
---------------------------+-------+-------++-------
  Melee: Unarmed           |    53 |    42 ||    95
         Constrict         |    11 |    12 ||    23
         Tentacles         |     8 |     7 ||    15
         Punch             |     1 |     2 ||     3
    Use: Scroll            |     5 |     1 ||     6
         Potion            |       |     3 ||     3
   Stab: Sleeping          |     5 |     2 ||     7
 Armour: Skin              |    22 |    36 ||    58
  Dodge: Dodged            |    26 |    50 ||    76

Table legend: (Time is in decaauts)
 A = Elapsed time spent in this place.
 B = Non-inter-level travel time spent in this place.
 C = Inter-level travel time spent in this place.
 D = Time resting spent in this place.
 E = Time spent auto-exploring this place.
 F = Levels seen in this place.
 G = Mean time per level.
                   A        B        C        D        E       F      G
               +--------+--------+--------+--------+--------+-----+--------+
         Total |   1964 |   1926 |     38 |     50 |   1392 |   4 |  491.0 |
       Dungeon |   1964 |   1926 |     38 |     50 |   1392 |   4 |  491.0 |
               +--------+--------+--------+--------+--------+-----+--------+

Top non-repeatable levels by time:
     D:2: 719 daAuts
     D:3: 616 daAuts
     D:1: 609 daAuts
     D:4: 20 daAuts
